 Dungeon Crawl Stone Soup version 0.29-a0-668-g12ee2bf84d (webtiles) character file.

Game seed: 12253919530780741718

1837 avis the Magician (level 8, -7/68 HPs)
             Began as a Demigod Ice Elementalist on June 23, 2022.
             Mangled by a two-headed ogre
             ... wielding a +0 dire flail
              (23 damage)
             ... on level 6 of the Dungeon on June 24, 2022.
             The game lasted 00:47:23 (7780 turns).

avis the Magician (Demigod Ice Elementalist)        Turns: 7780, Time: 00:47:24

Health: -7/68      AC: 11    Str:  9    XL:     8   Next: 56%
Magic:  15/22      EV: 12    Int: 17    God:
Gold:   130        SH:  0    Dex: 22    Spells: 14/21 levels left

rFire   . . .      SeeInvis +   r - +4 hunting sling of Hubris {flame, Fragile rElec rN++ SInv}
rCold   . . .      Faith    .   (no shield)
rNeg    + + .      Spirit   .   G - +0 robe {Archmagi}
rPois   .          Reflect  .   z - +1 hat
rElec   +          Harm     .   (no cloak)
rCorr   .          Rampage  .   (no gloves)
Will    .....      Archmagi +   (no boots)
Stlth   ++........              (no amulet)
HPRegen 0.21/turn               (no ring)
MPRegen 0.18/turn               (no ring)

@: ice-armoured
A: high MP 1, forlorn, divine attributes
a: no special abilities


You were on level 6 of the Dungeon.
You visited 1 branch of the dungeon, and saw 6 of its levels.
You also visited: Ossuary.

You collected 574 gold pieces.
You spent 444 gold pieces at shops.

Inventory:

Hand Weapons
 a - a +1 dagger of protection
 b - a +0 hunting sling
 r - the +4 hunting sling of Hubris (weapon) {flame, Fragile rElec rN++ SInv}
   (You bought it in a shop on level 1 of the Dungeon)

   Any ammunition fired from it burns those it strikes, dealing additional fire
   damage.
   rElec:     It insulates you from electricity.
   rN:        It greatly protects you from negative energy.
   SInv:      It lets you see invisible.
   Fragile:   It will be destroyed if unequipped.
 s - a +2 dagger of protection
 t - a +4 flail of holy wrath
 u - a +0 flail of protection
 y - a +0 flail of protection
 H - a +4 morningstar
 I - a +0 shortbow
 J - a +4 shortbow
Missiles
 d - 4 poisoned darts
 n - 8 boomerangs
Armour
 h - a +0 robe
 w - an orb of energy
 z - a +1 hat (worn)
 G - a +0 robe of the Archmagi (worn)
Magical Staves
 p - a staff of conjuration
Scrolls
 e - 2 scrolls of enchant armour {unknown}
 g - a scroll of immolation
 i - 5 scrolls of vulnerability
 j - 2 scrolls of noise {unknown}
 k - 4 scrolls of teleportation
 m - a scroll of magic mapping
 q - 3 scrolls of identify {unknown}
 v - 2 scrolls of amnesia {unknown}
 B - a scroll of blinking {unknown}
Potions
 f - 2 potions of magic
 l - 2 potions of might
 o - 6 potions of curing {unknown}
 x - a potion of berserk rage {unknown}
 A - a potion of attraction {unknown}
 C - a potion of cancellation {unknown}
 D - a potion of flight {unknown}
 E - a potion of invisibility {unknown}
 F - a potion of haste {unknown}


   Skills:
 - Level 5.0 Fighting
 * Level 2.4 Bows
 - Level 1.7 Dodging
 - Level 1.7 Stealth
 - Level 7.0 Spellcasting
 - Level 6.0 Ice Magic


You had 14 spell levels left.
You knew the following spells:

 Your Spells              Type           Power      Damage    Failure   Level
a - Freeze                Ice            100%       1d11      1%          1
f - Swiftness             Air            8%         N/A       34%         3
o - Ozocubu's Armour      Ice            39%        N/A       3%          3

Your spell library contained the following spells:

 Spells                   Type           Power      Damage    Failure   Level
 Frozen Ramparts          Ice            78%        1d9       3%          3
 Ensorcelled Hibernation  Hex/Ice        48%        N/A       4%          2
 Passwall                 Tmut/Erth      6%         N/A       17%         2
 Sublimation of Blood     Necr           8%         N/A       17%         2
 Hailstorm                Conj/Ice       24%        3d7       32%         4
 Fulminant Prism          Conj/Hex       4%         3d6       75%         4
 Iskenderun's Mystic Bla  Conj/Tloc      8%         2d4       75%         4
 Petrify                  Tmut/Erth      8%         N/A       75%         4
 Irradiate                Conj/Tmut      4%         3d14      97%         5
 Lee's Rapid Deconstruct  Erth           4%         3d6*      97%         5


Dungeon Overview and Level Annotations

Branches:
Dungeon (6/15)            Ossuary (visited)
 Temple: D:4-7

Shops:
D:1 (   D:2 [   D:4 (


Innate Abilities, Weirdness & Mutations

You have an increased reservoir of magic. (+10% MP)
You shall have no god before yourself.
Your divine heritage dramatically boosts your attributes as you level up.


Message History

Aiming: Freeze (safe; 1% risk of failure)
Press: ? - help, Shift-Dir - straight line, f/p - two-headed ogre
Aim: a two-headed ogre, wielding a +0 dire flail and a +0 giant spiked club (heavily wounded)
You feel a surge of power!
You freeze the two-headed ogre.
The two-headed ogre is heavily wounded.
The two-headed ogre hits you with a +0 dire flail!!
The two-headed ogre hits you with a +0 giant spiked club!
* * * LOW HITPOINT WARNING * * *
The adder barely misses you.
You feel much better. The adder bites you but does no damage.
The two-headed ogre hits you with a +0 dire flail!
The two-headed ogre closely misses you.
Casting: Freeze (safe; 1% risk of failure)
Confirm with . or Enter, or press ? or * to list all spells.
Aiming: Freeze (safe; 1% risk of failure)
Press: ? - help, Shift-Dir - straight line, f/p - two-headed ogre
Aim: a two-headed ogre, wielding a +0 dire flail and a +0 giant spiked club (heavily wounded)
You feel a surge of power!
You freeze the two-headed ogre!
The two-headed ogre is severely wounded.
The adder bites you but does no damage. x2
Casting: Freeze (safe; 1% risk of failure)
Confirm with . or Enter, or press ? or * to list all spells.
Aiming: Freeze (safe; 1% risk of failure)
Press: ? - help, Shift-Dir - straight line, f/p - two-headed ogre
Aim: a two-headed ogre, wielding a +0 dire flail and a +0 giant spiked club (severely wounded)
You feel a surge of power!
You freeze the two-headed ogre!
The two-headed ogre is almost dead.
The two-headed ogre hits you with a +0 dire flail!!
* * * LOW HITPOINT WARNING * * *
The two-headed ogre barely misses you. The adder bites you but does no damage.
Casting: Freeze (safe; 1% risk of failure)
Confirm with . or Enter, or press ? or * to list all spells.
Aiming: Freeze (safe; 1% risk of failure)
Press: ? - help, Shift-Dir - straight line, f/p - two-headed ogre
Aim: a two-headed ogre, wielding a +0 dire flail and a +0 giant spiked club (almost dead)
You feel a surge of power!
You freeze the two-headed ogre.
The two-headed ogre is almost dead.
The adder barely misses you.
The two-headed ogre hits you with a +0 dire flail!!
You die...

.....),,,,,,,,.........#..#####.#
.....#,,,,,*,,...#........#####.#
.###.#,###,*,*##,#.###...........
.....#...,,*,,..,#.,......#####.#
........#,,,,,#.,,,.#......####.#
....###.#.###,#S###,#.###.......#
........#.....#hs$,,#.,,.....##..
#..........#..5OS#,,,,,*....,,###
##.....###.#.###@#,***,*.##*,,,*#
##........#..†..#,,,,,*,,,,,,,,.
#...........#.....#,,,,,*,,,,..
#.#.....###.#.###.#,***,*,**#..
###.##........#....,#,,,,,*,,,...
....##..............,,,,,,,,,....
....##..............,,,,,,,,,,,..
....##...)..........,,,,,,,,,,,..
....##...############*,,**,*,**..


You could see a two-headed ogre, a scorpion, a howler monkey, 2 adders and an
ufetubus.

Vanquished Creatures
  Sigmund (D:2)
  Edmund (D:5)
  2 ogres
  A centaur (D:6)
  3 phantoms
  2 necrophages
  4 scorpions
  5 wights (D:6)
  A jelly (D:5)
  2 hounds (D:5)
  2 orc priests (D:4)
  An iguana (D:4)
  2 orc wizards (D:2)
  8 mummies (Ossuary)
  3 gnolls (D:2)
  4 adders
  A worm (D:2)
  13 orcs
  4 bats
  5 endoplasms
  A giant cockroach (D:2)
  A gnoll zombie (Ossuary)
  9 goblins
  4 hobgoblins
  10 jackals
  3 kobolds
  3 quokkas
  3 ball pythons
  4 frilled lizards
  3 hobgoblin zombies (Ossuary)
  4 orc zombies (Ossuary)
  3 rats
113 creatures vanquished.

Notes
Turn   | Place    | Note
-------+----------+-------------------------------------------
     0 | D:1      | avis the Demigod Ice Elementalist began the quest for the
                  | Orb.
     0 | D:1      | Reached XP level 1. HP: 14/14 MP: 5/5
   107 | D:1      | Reached skill level 1 in Fighting
   235 | D:1      | Found Weriapif's Antique Weapon Shop.
   739 | D:1      | Reached XP level 2. HP: 23/23 MP: 7/7
  1437 | D:2      | Noticed Sigmund
  1693 | D:2      | Reached skill level 2 in Spellcasting
  1693 | D:2      | Reached XP level 3. HP: 15/29 MP: 4/8
  1974 | D:2      | Reached XP level 4. HP: 32/38 MP: 2/9
  2131 | D:2      | Found Ugyisit's Antique Armour Shoppe.
  2140 | D:2      | Learned a level 3 spell: Ozocubu's Armour
  3014 | D:2      | Killed Sigmund
  3015 | D:2      | Reached skill level 5 in Ice Magic
  3015 | D:2      | Reached XP level 5. HP: 36/46 MP: 2/10
  3598 | D:1      | Bought an ancient hunting sling for 169 gold pieces
  3598 | D:1      | Identified the +4 hunting sling of Hubris {flame, Fragile
                  | rElec rN++ SInv} (You bought it in a shop on level 1 of the
                  | Dungeon)
  3768 | D:4      | Reached XP level 6. HP: 35/52 MP: 8/11
  4354 | D:4      | Found Elubyiff's Weapon Shop.
  4411 | D:4      | Noticed an angel
  4875 | D:4      | Reached skill level 5 in Fighting
  4875 | D:4      | Reached XP level 7. HP: 57/61 MP: 11/13
  5188 | D:5      | Entered Level 5 of the Dungeon
  5319 | D:5      | Reached skill level 3 in Spellcasting
  5631 | D:5      | Reached skill level 4 in Spellcasting
  5856 | D:5      | Learned a level 3 spell: Swiftness
  6124 | D:5      | Reached skill level 5 in Spellcasting
  6307 | D:5      | Noticed Edmund
  6327 | D:5      | Killed Edmund
  6328 | D:5      | Reached XP level 8. HP: 16/68 MP: 13/19
  6764 | D:6      | Reached skill level 6 in Spellcasting
  6787 | D:6      | Found a sand-covered staircase.
  6794 | Ossuary  | Entered an ossuary
  7500 | D:4      | Bought a +4 shortbow for 275 gold pieces
  7626 | D:6      | Reached skill level 7 in Spellcasting
  7626 | D:6      | Reached skill level 1 in Bows
  7769 | D:6      | Noticed a two-headed ogre
  7772 | D:6      | Noticed a gargoyle
  7780 | D:6      | Mangled by a two-headed ogre

Illustrated notes

Levels and vault maps discovered:
D:1:      minmay_arrival_jagged, layout_basic,
          hellmonk_ecumenical_altar_arch_garden, serial_shops,
          nicolae_shop_statue_plus
D:2:      layout_basic, serial_shops, nicolae_shop_hallway_plus, basic_altar,
          uniq_sigmund
D:3:      layout_rooms
D:4:      nicolae_BIG_FREAKIN_CUBE, layout_loops_cross, zin_angel, serial_shops,
          nicolae_shop_advertising_works [nicolae_subvault_shop_adworks]
D:5:      layout_loops_corners, uniq_edmund
D:6:      hangedman_cross_stitches, layout_basic, chequers_ossuary_entry_cave,
          serial_shops, nicolae_shop_crystal, serial_bayou_pond_d,
          kennysheep_generic_room_10

Skill      XL: |  1  2  3  4  5  6  7  8 |
---------------+-------------------------+-----
Fighting       | 1 2 3 4 5 |  5.0
Ice Magic      | 4 5 6 |  6.0
Spellcasting   | 2 5 7 |  7.0
Bows           | 2 |  2.4
Dodging        | |  1.7
Stealth        | |  1.7

Action                   |  1- 3 |  4- 6 |  7- 9 || total
-------------------------+-------+-------+-------++-------
Melee: Dagger            |     5 |     7 |       ||    12
 Fire: Hunting sling     |    31 |    93 |   161 ||   285
 Cast: Freeze            |    28 |    15 |    12 ||    55
       Ozocubu's Armour  |       |    12 |    20 ||    32
  Use: Potion            |     1 |     1 |     1 ||     3
       Scroll            |       |       |     4 ||     4
Armor: Robe              |     4 |    25 |    34 ||    63
Dodge: Dodged            |     6 |    46 |    74 ||   126

Table legend: (Time is in decaauts)
 A = Elapsed time spent in this place.
 B = Non-inter-level travel time spent in this place.
 C = Inter-level travel time spent in this place.
 D = Time resting spent in this place.
 E = Time spent auto-exploring this place.
 F = Levels seen in this place.
 G = Mean time per level.
                   A        B        C        D        E       F      G
               +--------+--------+--------+--------+--------+-----+--------+
         Total |   7931 |   6986 |    945 |   2267 |   2672 |   7 | 1133.0 |
       Dungeon |   7637 |   6692 |    945 |   2232 |   2672 |   6 | 1272.8 |
       Ossuary |    294 |    294 |      0 |     35 |      0 |   1 |  294.0 |
               +--------+--------+--------+--------+--------+-----+--------+

Top non-repeatable levels by time:
     D:1: 1726 daAuts
     D:2: 1613 daAuts
     D:5: 1493 daAuts
     D:4: 1101 daAuts
     D:3: 924 daAuts
     D:6: 777 daAuts
 Ossuary: 294 daAuts
